 Dungeon Crawl Stone Soup version 0.30-a0-374-g95c0257040 (webtiles) character file.

Game seed: 18226645685058632274

11525 karrick the Basher (level 11, -2/69 HPs)
             Began as a Gargoyle Fighter on Nov 25, 2022.
             Was an Elder of Okawaru.
             Headbutted by a minotaur (18 damage)
             ... in a Gauntlet.
             The game lasted 00:30:04 (10656 turns).

karrick the Basher (Gargoyle Fighter)              Turns: 10656, Time: 00:30:05

Health: -2/69      AC: 22    Str: 24    XL:     11   Next: 79%
Magic:  9/14       EV: 20    Int: 13    God:    Okawaru [****..]
Gold:   1315       SH:  9    Dex: 28    Spells: 10/10 levels left

rFire   . . .      SeeInvis .    R - +11 broad axe of Eternal Night {drain, rC- rN+ rCorr Dex+7}
rCold   x . .      Faith    .    c - +0 buckler
rNeg    + + .      Spirit   .    J - +4 robe of Augmentation {Str+4 Int+4 Dex+4}
rPois   ∞          Reflect  .    (no helmet)
rElec   +          Harm     .    l - +0 cloak
rCorr   +          Rampage  .    A - +0 pair of gloves
Will    .....      NoTele   +    (no boots)
Stlth   ++++++....               N - amulet of the acrobat
HPRegen 0.31/turn                V - ring "Fexiar" {EV+4 Dex+4 Stlth+}
MPRegen 0.14/turn                L - +4 ring of protection

@: mighty, heroic, finesse-ful
A: sickness immunity, AC +8, negative energy resistance 1, electricity
resistance, torment resistance 1, petrification resistance
a: Renounce Religion, Heroism, Finesse


You were in a Gauntlet.
You worshipped Okawaru.
Okawaru was greatly pleased with you.
You visited 2 branches of the dungeon, and saw 12 of its levels.
You also visited: Ossuary, Bailey and Gauntlet.

You collected 1315 gold pieces.

Inventory:

Hand Weapons
 g - a +3 hand axe
 u - a +4 flail
 R - the +11 broad axe of Eternal Night (weapon) {drain, rC- rN+ rCorr Dex+7}
   (You found it on level 10 of the Dungeon)

   A truly terrible weapon, it drains the life of any living foe it strikes.
   Dex:       It affects your dexterity (+7).
   rC:        It makes you vulnerable to cold.
   rN:        It protects you from negative energy.
   rCorr:     It protects you from acid and corrosion.
Missiles
 e - a throwing net
 h - 18 boomerangs (quivered)
 Q - 2 silver javelins
Armour
 b - a +0 scale mail
 c - a +0 buckler (worn)
 l - a +0 cloak (worn)
 A - a +0 pair of gloves (worn)
 C - a +0 troll leather armour
 J - the +4 robe of Augmentation (worn) {Str+4 Int+4 Dex+4}
   (You took it off an orc on level 8 of the Dungeon)

   Str:       It affects your strength (+4).
   Int:       It affects your intelligence (+4).
   Dex:       It affects your dexterity (+4).
 W - the +1 helmet "Neah" {Harm rElec rPois Int-2}
   (You found it in a Gauntlet)

   Int:       It affects your intelligence (-2).
   rElec:     It insulates you from electricity.
   rPois:     It protects you from poison.
   Harm:      It increases damage dealt and taken.
Jewellery
 j - a +6 ring of dexterity
 B - a ring of wizardry
 H - a +6 ring of intelligence
 L - a +4 ring of protection (right hand)
 N - an amulet of the acrobat (around neck)
 V - the ring "Fexiar" (left hand) {EV+4 Dex+4 Stlth+}
   (You found it in a Gauntlet)

   [ring of evasion]

   EV:        It affects your evasion (+4).
   Dex:       It affects your dexterity (+4).
   Stlth:     It makes you more stealthy.
Wands
 o - a wand of digging (9)
 K - a wand of polymorph (5)
 P - a wand of flame (15)
 S - a wand of quicksilver (5)
Scrolls
 a - 3 scrolls of blinking
 f - 5 scrolls of fear
 i - a scroll of vulnerability
 p - 2 scrolls of poison
 t - 3 scrolls of amnesia
 w - a scroll of enchant weapon
 y - 3 scrolls of noise
 D - a scroll of silence
 E - 3 scrolls of fog
 F - 2 scrolls of teleportation
 G - a scroll of immolation {unknown}
 M - a scroll of torment {unknown}
 O - a scroll of magic mapping {unknown}
 T - a scroll of identify
Potions
 d - 3 potions of resistance {unknown}
 k - 4 potions of magic {unknown}
 m - 8 potions of curing {unknown}
 n - 2 potions of brilliance {unknown}
 q - 4 potions of invisibility {unknown}
 r - 3 potions of degeneration {unknown}
 s - 2 potions of heal wounds {unknown}
 v - a potion of lignification {unknown}
 x - 2 potions of berserk rage {unknown}
 z - 3 potions of attraction {unknown}
 I - a potion of flight {unknown}


   Skills:
 + Level 8.8(13.8) Fighting
 + Level 1.1(12.3) Axes
 + Level 12.4(17.5) Maces & Flails
 + Level 1.2(6.2) Throwing
 + Level 8.0(13.0) Armour
 * Level 5.5(10.5) Stealth
 + Level 8.0(13.0) Shields
 + Level 4.4 Invocations


You had 10 spell levels left.
You didn't know any spells.
Your spell library contained the following spells:

 Spells                   Type           Power      Damage    Failure   Level
 Magic Dart               Conj           0%         1d3       34%         1
 Necrotise                Necr           0%         1d4       34%         1
 Slow                     Hex            0%         N/A       34%         1
 Confusing Touch          Hex            0%         N/A       71%         3
 Mephitic Cloud           Conj/Pois/Air  0%         N/A       71%         3
 Ozocubu's Armour         Ice            0%         N/A       71%         3
 Vampiric Draining        Necr           0%         2d6       71%         3
 Manifold Assault         Tloc           0%         N/A       98%         4
 Agony                    Necr           0%         N/A       100%        5
 Dispersal                Tloc           0%         N/A       100%        6
 Ozocubu's Refrigeration  Ice            0%         4d7       100%        7
 Storm Form               Tmut/Air       0%         N/A       100%        7
 Disjunction              Tloc           0%         N/A       100%        8
 Maxwell's Capacitive Co  Air            0%         ∞         100%        8
 Call Imp                 Summ           Unusable   N/A       N/A         2
 Summon Lightning Spire   Summ/Air       Unusable   N/A       N/A         4

Dungeon Overview and Level Annotations

Branches:
Dungeon (11/15)            Temple (1/1) D:7            Lair (0/5) D:10
Ossuary (visited)          Bailey (visited)         Gauntlet (1/1)
    Orc: D:9-12

Altars:
Ashenzari
Cheibriados
Dithmenos
Elyvilon
Fedhas
Gozag
Hepliaklqana
Kikubaaqudgha
Makhleb
Nemelex Xobeh
Okawaru
Qazlal
Ru
Sif Muna
Trog
Uskayaw
Vehumet
Wu Jian
Xom
Yredelemnul
Zin
The Shining One

Shops:
D:4 =   D:5 !

Annotations:
Gauntlet 4 transporters


Innate Abilities, Weirdness & Mutations

You are immune to sickness and miasma.
Your stone body is resilient. (AC +8)
You are immune to poison.
You resist negative energy. (rN+)
You are resistant to electric shocks. (rElec)
You are resistant to unholy torment.
You are immune to petrification.


Message History

The minotaur shoots an arrow.
You block the arrow.
You feel very mighty all of a sudden.
The minotaur shoots an arrow.
The arrow misses you.
Found a +6 ring of dexterity, a glowing kite shield and a long jewelled staff.
The minotaur unwields a +4 shortbow of draining.
The minotaur wields the +7 broad axe "Nommerae" {drain, *Corrode rN+ Will+ Stlth+}.
You sense an unholy aura.
The minotaur hits you with the +7 broad axe "Nommerae" {drain, *Corrode rN+ Will+ Stlth+}!!
The minotaur completely misses you.
You slash the minotaur!
The minotaur is lightly wounded.
You slash the minotaur!
The minotaur is moderately wounded.
You slash the minotaur! You drain the minotaur.
The minotaur is heavily wounded.
The minotaur hits you with the +7 broad axe "Nommerae" {drain, *Corrode rN+ Will+ Stlth+}!!
The minotaur gores you but does no damage.
You slash the minotaur!
The minotaur is severely wounded.
You hit the minotaur.
The minotaur is severely wounded.
The minotaur misses you. You block the minotaur's attack.
You hit the minotaur but do no damage.
The minotaur is severely wounded.
You hit the minotaur but do no damage.
The minotaur is severely wounded.
The minotaur hits you with the +7 broad axe "Nommerae" {drain, *Corrode rN+ Will+ Stlth+}!
* * * LOW HITPOINT WARNING * * *
The minotaur gores you but does no damage.
You hit the minotaur but do no damage. You drain the minotaur.
The minotaur is severely wounded.
You hit the minotaur but do no damage. You drain the minotaur.
The minotaur is severely wounded.
The minotaur hits you but does no damage.
You block the minotaur's attack.
You hit the minotaur but do no damage.
The minotaur is severely wounded.
You barely miss the minotaur.
The minotaur furiously retaliates!
The minotaur headbutts you!!
You die...

≈###≈###.................###≈###≈
## ### ################### ### ##
##≈...............≈#
#≈≈..8©8©8©8©8©8..≈≈#
##≈...............≈##
###.#.#######.#.### #.#....#...
#.#.##.#.##.#.# #......@H.....#
#.#..##'##..#.# #.#..#8.8 #
#....#...# ###8.#8.8# ## #=.[#
#8.8# #|.[#


You could see a minotaur (drained).

Vanquished Creatures
  2 death yaks (Gauntlet)
  A necromancer (Gauntlet)
  A manticore (D:11)
  2 trolls
  3 meliai (Gauntlet)
  4 hornets
  Sigmund (D:4)
  4 shadows
  19 yaks
  A wyvern (D:9)
  A steam dragon (D:6)
  2 water moccasins (D:5)
  2 acid dragons
  2 ice beasts
  2 black bears
  5 orc warriors (Bailey)
  An ogre (D:6)
  2 centaurs
  4 kobold brigands (Bailey)
  A necrophage (D:5)
  5 bullfrogs
  4 scorpions
  A wight (D:9)
  14 killer bees
  A howler monkey (D:6)
  3 hounds
  2 gnoll boudas
  6 orc priests
  2 jellies
  8 iguanas
  2 orc wizards (D:5)
  A mummy (Ossuary)
  2 gnolls
  6 adders
  3 shadow imps
  A worm (D:2)
  6 dart slugs
  28 orcs
  5 spectral bats (Ossuary)
  11 bats
  5 endoplasms
  A giant cockroach (D:3)
  10 goblins
  10 hobgoblins
  20 jackals
  2 quokkas
  8 ball pythons
  5 bat simulacra (Ossuary)
  2 frilled lizards
  12 gnoll zombies (Ossuary)
  7 goblin zombies (Ossuary)
  2 hobgoblin zombies (Ossuary)
  13 kobolds
  4 kobold simulacra (Ossuary)
  5 kobold zombies (Ossuary)
  4 orc zombies (Ossuary)
  2 rats
  4 rat simulacra (Ossuary)
  A spectral goblin (Ossuary)
  7 spectral kobolds (Ossuary)
  3 spectral rats (Ossuary)
298 creatures vanquished.

Vanquished Creatures (others)
  A human (D:8)
  6 plants (D:4)
7 creatures vanquished.

Grand Total: 305 creatures vanquished

Notes
Turn   | Place    | Note
-------+----------+-------------------------------------------
     0 | D:1      | karrick the Gargoyle Fighter began the quest for the Orb.
     0 | D:1      | Reached XP level 1. HP: 14/14 MP: 1/1
    48 | D:1      | Reached XP level 2. HP: 11/19 MP: 2/2
   188 | D:1      | Reached XP level 3. HP: 15/24 MP: 3/3
  1297 | D:2      | Reached XP level 4. HP: 28/29 MP: 4/4
  1378 | D:2      | Found an opulent altar of Gozag.
  1408 | D:2      | Reached skill level 3 in Maces & Flails
  1694 | D:3      | Found a shadowy altar of Dithmenos.
  1850 | D:3      | Reached XP level 5. HP: 17/33 MP: 5/5
  2458 | D:4      | Found Wapimot's Jewellery Shoppe.
  2798 | D:4      | Reached XP level 6. HP: 38/38 MP: 6/6
  2806 | D:4      | Reached skill level 4 in Maces & Flails
  2822 | D:4      | Found a radiant altar of Vehumet.
  2965 | D:4      | Noticed Sigmund
  2988 | D:4      | Killed Sigmund
  2989 | D:4      | Reached XP level 7. HP: 12/44 MP: 7/7
  3147 | D:4      | Reached skill level 5 in Maces & Flails
  3430 | D:4      | Reached skill level 5 in Armour
  3450 | D:5      | Entered Level 5 of the Dungeon
  3671 | D:5      | Found Usiduja's Distillery.
  3949 | D:5      | Reached skill level 5 in Shields
  4099 | D:5      | Reached skill level 6 in Maces & Flails
  4099 | D:5      | Reached skill level 1 in Stealth
  4106 | D:5      | Reached skill level 5 in Fighting
  4106 | D:5      | Reached XP level 8. HP: 47/49 MP: 8/8
  4830 | D:6      | Reached skill level 7 in Maces & Flails
  5067 | D:6      | Reached XP level 9. HP: 24/55 MP: 9/9
  5589 | D:6      | Found a snail-covered altar of Cheibriados.
  5729 | D:7      | Reached skill level 8 in Maces & Flails
  5746 | D:7      | Noticed a troll
  5755 | D:7      | Killed a troll
  5764 | D:7      | Found a staircase to the Ecumenical Temple.
  5775 | Temple   | Entered the Ecumenical Temple
  5817 | Temple   | Became a worshipper of Warmaster Okawaru
  5892 | D:7      | Found a sand-covered staircase.
  5896 | Ossuary  | Entered an ossuary
  6890 | D:7      | Reached skill level 9 in Maces & Flails
  7112 | D:8      | Found a broken altar of Ashenzari.
  7201 | D:8      | Found a white marble altar of Elyvilon.
  7202 | D:8      | Found a stormy altar of Qazlal.
  7358 | D:8      | Found an ancient bone altar of Kikubaaqudgha.
  7397 | D:8      | Reached skill level 1 in Invocations
  7406 | D:8      | Reached * piety under Okawaru
  7424 | D:8      | Reached XP level 10. HP: 61/63 MP: 11/11
  7665 | D:8      | Found an ornate altar of the Wu Jian Council.
  7914 | D:9      | Found an opulent altar of Gozag.
  7956 | D:9      | Reached skill level 10 in Maces & Flails
  8073 | D:9      | Found a flagged portal.
  8144 | Bailey   | Entered a bailey
  8215 | Bailey   | Reached ** piety under Okawaru
  8458 | Bailey   | Found an iron altar of Okawaru.
  8564 | D:9      | Noticed a two-headed ogre
  8854 | D:9      | Reached *** piety under Okawaru
  8918 | D:9      | Reached skill level 1 in Throwing
  9171 | D:10     | Entered Level 10 of the Dungeon
  9187 | D:10     | Reached skill level 11 in Maces & Flails
  9475 | D:10     | Reached XP level 11. HP: 67/68 MP: 14/14
  9527 | D:10     | Received a gift from Okawaru
  9569 | D:10     | Found a glowing golden altar of the Shining One.
  9667 | D:10     | Identified the +11 broad axe of Eternal Night {drain, rC-
                  | rN+ rCorr Dex+7}
  9811 | D:10     | Found a staircase to the Lair.
  9875 | D:11     | Noticed a manticore
  9894 | D:11     | Killed a manticore
  9944 | D:11     | Reached **** piety under Okawaru
  9974 | D:11     | Found a gate leading to a gauntlet.
 10013 | D:11     | Noticed a boulder beetle
 10029 | Gauntlet | Entered a Gauntlet
 10029 | Gauntlet | Found a transporter.
 10036 | Gauntlet | Found a transporter.
 10039 | Gauntlet | Found a transporter.
 10040 | Gauntlet | Found a transporter.
 10049 | Gauntlet | Found a transporter.
 10051 | Gauntlet | Found a transporter.
 10052 | Gauntlet | Found a transporter.
 10056 | Gauntlet | Found a runed translucent door.
 10056 | Gauntlet | Found a runed translucent door.
 10057 | Gauntlet | Noticed a wizard
 10059 | Gauntlet | Noticed a wizard
 10060 | Gauntlet | Found a transporter.
 10063 | Gauntlet | Found a transporter.
 10064 | Gauntlet | Found a transporter.
 10068 | Gauntlet | Noticed a death yak
 10075 | Gauntlet | Found a transporter.
 10075 | Gauntlet | Found a transporter.
 10075 | Gauntlet | Noticed a necromancer
 10076 | Gauntlet | Found a transporter.
 10079 | Gauntlet | Noticed a death yak
 10079 | Gauntlet | Noticed a death yak
 10087 | Gauntlet | Found a transporter.
 10286 | Gauntlet | Reached skill level 12 in Maces & Flails
 10341 | Gauntlet | Killed a necromancer
 10356 | Gauntlet | Killed a death yak
 10357 | Gauntlet | Reached skill level 5 in Stealth
 10360 | Gauntlet | Killed a death yak
 10364 | Gauntlet | Identified the ring "Fexiar" {EV+4 Dex+4 Stlth+}
 10512 | Gauntlet | Reached skill level 1 in Axes
 10521 | Gauntlet | Identified the +1 helmet "Neah" {Harm rElec rPois Int-2}
 10642 | Gauntlet | Identified the +7 broad axe "Nommerae" {drain, *Corrode rN+
                  | Will+ Stlth+}
 10642 | Gauntlet | Identified the +15 plate armour of Untold Secrets {rN+
                  | Will+ Int+2}
 10642 | Gauntlet | Noticed a minotaur
 10656 | Gauntlet | Headbutted by a minotaur

Illustrated notes

Levels and vault maps discovered:
D:1:      matt_arrival_grand_opening, layout_basic
D:2:      minmay_general_purpose_star, layout_basic, basic_altar
D:3:      layout_basic, lemuel_tele_altar, kennysheep_another_room,
          minmay_tree_intersection, chequers_serial_rivers_small_a
D:4:      layout_loops_ring, mainiacjoe_overflow_boulevard,
          nicolae_stop_n_shop_1, uniq_sigmund
D:5:      layout_rooms, serial_shops, shop, serial_bayou_crossing
D:6:      layout_cave_pods, minmay_ruined_shrine
D:7:      layout_loops_ring, temple_hall, enter_ossuary_5
D:8:      layout_basic, nzn_wu_jian_contemplation, nicolae_ashenzari_panopticon,
          tgw_kikubaaqudgha, mainiacjoe_overflow_divided_tiny
D:9:      minmay_clustersquares, layout_loops_ring, grunt_gozag_statues,
          enter_bailey_3
D:10:     layout_roguey, mainiacjoe_overflow_cross_hatched, lair_entry_dummy
D:11:     minmay_inner_zag, layout_irregular_city, gauntlet_entry_generic,
          nzn_life_drinkers, uniq_erica
Temple:   nicolae_temple_god_jail
Gauntlet: gammafunk_gauntlet_77_escape_option [minmay_gauntlet_arena_77_mirror,
          minmay_gauntlet_arena_77_mess, minmay_gauntlet_arena_77_shame_cube,
          minmay_gauntlet_arena_77_box, minmay_gauntlet_arena_77_double_cross,
          nicolae_gauntlet_exit_dead_adventurers]

Skill      XL: |  1  2  3  4  5  6  7  8  9 10 11 |
---------------+----------------------------------+-----
Maces & Flails | 3 4 6 7 9 11 12 | 12.4
Armour         | 4 5 6 7 8 |  8.0
Shields        | 4 5 6 7 8 |  8.0
Fighting       | 4 5 7 8 |  8.8
Stealth        | 1 2 5 |  5.5
Invocations    | 2 4 |  4.4
Throwing       | 1 |  1.2
Axes           | 1 |  1.1

Action                   |  1- 3 |  4- 6 |  7- 9 | 10-12 || total
-------------------------+-------+-------+-------+-------++-------
Melee: Flail             |   120 |   173 |   406 |   312 ||  1011
       Broad axe         |       |       |       |    38 ||    38
Throw: Boomerang         |       |       |       |     7 ||     7
       Throwing net      |       |       |       |     1 ||     1
Invok: Heroism           |       |       |       |     4 ||     4
       Finesse           |       |       |       |     2 ||     2
  Use: Scroll            |       |     2 |     3 |     9 ||    14
       Potion            |       |     1 |     1 |     1 ||     3
 Stab: Sleeping          |       |       |       |     1 ||     1
Armor: Scale mail        |   117 |   108 |   179 |    13 ||   417
       Robe              |       |       |       |   117 ||   117
Dodge: Dodged            |   119 |    68 |   162 |   144 ||   493
Block: Buckler           |    39 |    51 |   105 |   115 ||   310

Table legend: (Time is in decaauts)
 A = Elapsed time spent in this place.
 B = Non-inter-level travel time spent in this place.
 C = Inter-level travel time spent in this place.
 D = Time resting spent in this place.
 E = Time spent auto-exploring this place.
 F = Levels seen in this place.
 G = Mean time per level.
                   A        B        C        D        E       F      G
               +--------+--------+--------+--------+--------+-----+--------+
         Total |  10746 |  10341 |    405 |    589 |   6919 |  15 |  716.4 |
       Dungeon |   9370 |   8982 |    388 |    275 |   6634 |  11 |  851.8 |
        Temple |     60 |     43 |     17 |      0 |      0 |   1 |   60.0 |
       Ossuary |    362 |    362 |      0 |      0 |    185 |   1 |  362.0 |
        Bailey |    342 |    342 |      0 |      0 |    100 |   1 |  342.0 |
      Gauntlet |    609 |    609 |      0 |    314 |      0 |   1 |  609.0 |
               +--------+--------+--------+--------+--------+-----+--------+

Top non-repeatable levels by time:
     D:6: 1178 daAuts
     D:4: 1112 daAuts
     D:5: 1021 daAuts
     D:8: 967 daAuts
     D:9: 944 daAuts
     D:1: 922 daAuts
     D:3: 815 daAuts
     D:2: 785 daAuts
     D:7: 778 daAuts
    D:10: 659 daAuts
Gauntlet: 609 daAuts
 Ossuary: 362 daAuts
  Bailey: 342 daAuts
    D:11: 185 daAuts
  Temple: 60 daAuts
